 Dungeon Crawl Stone Soup version 0.30-a0-948-g4fa250aae5 (webtiles) character file.

Game seed: 9700573494153832983

500 billz999 the Magician (level 6, -3/41 HPs)
             Began as a Demonspawn Ice Elementalist on Mar 26, 2023.
             Slain by an ogre
             ... wielding a +0 giant club
              (19 damage)
             ... on level 5 of the Dungeon.
             The game lasted 00:08:56 (3726 turns).

billz999 the Magician (Demonspawn Ice Elementalist) Turns: 3726, Time: 00:08:57

Health: -3/41      AC:  3    Str:  9    XL:     6   Next: 94%
Magic:  0/13       EV: 12    Int: 18    God:
Gold:   198        SH:  0    Dex: 13    Spells: 4/15 levels left

rFire   . . .      SeeInvis .    m - +0 sling (flame)
rCold   . . .      Faith    +    (no shield)
rNeg    . . .      Spirit   .    a - +0 robe
rPois   .          Reflect  .    (no helmet)
rElec   .          Rampage  .    (no cloak)
rCorr   .                        (no gloves)
Will    .....                    h - +0 pair of boots
Stlth   ++                       l - amulet of faith
HPRegen 0.26/turn                (no ring)
MPRegen 0.26/turn                (no ring)

@: freezing walls, very slightly contaminated
A: magic regeneration
a: no special abilities


You were on level 5 of the Dungeon.
You visited 1 branch of the dungeon, and saw 5 of its levels.

You collected 234 gold pieces.
You spent 36 gold pieces at shops.

Inventory:

Hand Weapons
 e - a +0 club
 i - a +0 spear
 j - a +0 vampiric short sword
 m - a +0 sling of flaming (weapon)
 r - a +0 dagger of protection
Armour
 a - a +0 robe (worn)
 h - a +0 pair of boots (worn)
Jewellery
 l - an amulet of faith (around neck)
Scrolls
 c - 2 scrolls of fear
 o - a scroll of teleportation
 s - a scroll of enchant weapon {unknown}
Potions
 b - a potion of magic
 d - 2 potions of curing
 f - a potion of flight
 g - a potion of lignification
 k - a potion of heal wounds
 n - a potion of invisibility
 p - a potion of berserk rage {unknown}
 q - 2 potions of brilliance {unknown}
 t - a potion of attraction {unknown}


   Skills:
 - Level 1.7 Dodging
 - Level 1.7 Stealth
 - Level 5.0 Spellcasting
 + Level 4.4 Summonings
 - Level 4.2 Ice Magic


You had 4 spell levels left.
You knew the following spells:

 Your Spells              Type           Power      Damage    Failure   Level
a - Freeze                Ice            76%        1d8       2%          1
b - Frozen Ramparts       Ice            38%        1d6       7%          3
c - Ozocubu's Armour      Ice            19%        N/A       7%          3
d - Summon Ice Beast      Ice/Summ       20%        N/A       22%         4

Your spell library contained the following spells:

 Spells                   Type           Power      Damage    Failure   Level
 Magic Dart               Conj           16%        1d3       13%         1
 Lesser Beckoning         Tloc           8%         N/A       21%         2
 Searing Ray              Conj           8%         2d4       21%         2
 Gell's Gravitas          Tloc           4%         N/A       36%         3
 Inner Flame              Hex/Fire       4%         N/A       36%         3
 Teleport Other           Tloc           4%         N/A       36%         3
 Flame Wave               Conj/Fire      4%         2d5       78%         4
 Fulminant Prism          Conj/Hex       2%         3d5       78%         4
 Sticky Flame             Conj/Fire      4%         2d3       78%         4


Dungeon Overview and Level Annotations

Branches:
Dungeon (5/15)
 Temple: D:4-7

Altars:
Dithmenos
Wu Jian

Shops:
D:3 ?   D:4 *

Annotations:
D:3 2 transporters, Kodiak's ghost, amateur DrTm
D:4 2 runed translucent doors, Crazy Yiuf; cforsyth's ghost, amateur FoFi


Innate Abilities, Weirdness & Mutations

You regenerate magic rapidly.


Message History

Unknown command.
You feel much better.
The wall freezes the ogre but does no damage.
The wall freezes the gnoll.
The wall freezes the gnoll sergeant but does no damage.
The gnoll sergeant barely misses you.
Casting: Freeze (safe; 2% risk of failure)
Confirm with . or Enter, or press ? or * to list all spells.
Aiming: Freeze (safe; 2% risk of failure)
Press: ? - help, Shift-Dir - straight line, f/p - gnoll sergeant
Aim: a gnoll sergeant, wielding a +0 trident and wearing a +0 scale mail (heavily wounded)
You freeze the gnoll sergeant!
The gnoll sergeant is almost dead.
The wall freezes the gnoll.
You kill the gnoll!
The wall freezes the ogre.
The wall freezes the gnoll sergeant but does no damage.
The gnoll sergeant hits you with a +0 trident.
The wall freezes the gnoll.
Unknown command.
Casting: Freeze (safe; 2% risk of failure)
Confirm with . or Enter, or press ? or * to list all spells.
Aiming: Freeze (safe; 2% risk of failure)
Press: ? - help, Shift-Dir - straight line, f/p - gnoll sergeant
Aim: a gnoll sergeant, wielding a +0 trident and wearing a +0 scale mail (almost dead)
You freeze the gnoll sergeant.
You kill the gnoll sergeant!
The wall freezes the gnoll.
The wall freezes the ogre.
Your Summonings skill increases to level 4!
Unknown command.
Casting: Freeze (safe; 2% risk of failure)
Confirm with . or Enter, or press ? or * to list all spells.
Aiming: Freeze (safe; 2% risk of failure)
Press: ? - help, Shift-Dir - straight line, f - ogre
Aim: an ogre, wielding a +0 giant club (moderately wounded)
You freeze the ogre.
The ogre is heavily wounded.
The wall freezes the gnoll.
The wall freezes the ogre.
The ogre hits you with a +0 giant club!!
You die...

. ...
.....#####
.....gO@.#
....####.#
. #.# #.#
#.# #.#
#.# .. #.#
##.### #.#


You could see an ogre and a gnoll.

Vanquished Creatures
  An ogre (D:4)
  A gnoll sergeant (D:5)
  A bullfrog (D:4)
  A howler monkey (D:4)
  An orc priest (D:5)
  A sleepcap (D:4)
  An orc wizard (D:5)
  3 gnolls (D:5)
  4 adders
  An ufetubus (D:3)
  2 worms
  3 dart slugs
  3 orcs (D:5)
  5 ball pythons
  3 bats
  11 endoplasms
  A giant cockroach (D:2)
  6 goblins
  9 hobgoblins
  4 jackals (D:4)
  5 kobolds
  10 quokkas
  A frilled lizard (D:1)
  6 rats
84 creatures vanquished.

Notes
Turn   | Place    | Note
-------+----------+-------------------------------------------
     0 | D:1      | billz999 the Demonspawn Ice Elementalist began the quest
                  | for the Orb.
     0 | D:1      | Reached XP level 1. HP: 13/13 MP: 3/3
   167 | D:1      | Gained mutation: You regenerate magic rapidly. [demonic
                  | ancestry]
   167 | D:1      | Reached XP level 2. HP: 14/19 MP: 0/5
   531 | D:1      | Found a faded altar of an unknown god.
   688 | D:1      | Reached XP level 3. HP: 24/24 MP: 5/7
   755 | D:1      | Learned a level 3 spell: Frozen Ramparts
   899 | D:1      | Reached skill level 3 in Spellcasting
  1301 | D:2      | Reached XP level 4. HP: 30/30 MP: 7/9
  1545 | D:3      | Found a transporter.
  1549 | D:3      | Noticed Kodiak's ghost (amateur DrTm)
  1554 | D:3      | Found a transporter.
  1637 | D:3      | Found Poroahox's Magic Scroll Shoppe.
  1651 | D:3      | Bought a scroll of teleportation for 36 gold pieces
  1674 | D:3      | Found an ornate altar of the Wu Jian Council.
  1999 | D:3      | Found a shadowy altar of Dithmenos.
  2258 | D:4      | Learned a level 3 spell: Ozocubu's Armour
  2275 | D:4      | Reached skill level 4 in Spellcasting
  2313 | D:4      | Found Jaed's Assorted Antiques.
  2426 | D:4      | Noticed a bullfrog
  2433 | D:4      | Killed a bullfrog
  2434 | D:4      | Reached XP level 5. HP: 26/35 MP: 7/12
  2795 | D:4      | Reached skill level 5 in Spellcasting
  2913 | D:4      | Learned a level 4 spell: Summon Ice Beast
  3009 | D:4      | Reached skill level 1 in Summonings
  3055 | D:4      | Found a runed translucent door.
  3055 | D:4      | Noticed cforsyth's ghost (amateur FoFi)
  3136 | D:4      | Noticed an ogre
  3141 | D:4      | Killed an ogre
  3142 | D:4      | Reached XP level 6. HP: 41/41 MP: 10/13
  3301 | D:4      | Found a runed translucent door.
  3302 | D:4      | Noticed Crazy Yiuf
  3497 | D:5      | Entered Level 5 of the Dungeon
  3722 | D:5      | HP: 1/41 [gnoll sergeant/+0 trident (12)]
  3726 | D:5      | Slain by an ogre

Illustrated notes

Levels and vault maps discovered:
D:1:      roderic_chinese_lattice_arrival, layout_loops_ring,
          chequers_ecumenical_altar_simple_redux, chequers_mini_garden
D:2:      layout_rooms
D:3:      layout_basic, nicolae_dithmenos_the_darkroom,
          mainiacjoe_overflow_alcove_4, serial_shops, shop,
          gammafunk_ghost_arena
D:4:      layout_layer_cave, gammafunk_ghost_grave, serial_shops, shop,
          uniq_crazy_yiuf_cottage
D:5:      layout_basic

Skill      XL: |  1  2  3  4  5  6 |
---------------+-------------------+-----
Ice Magic      | 4 |  4.2
Spellcasting   | 3 4 5 |  5.0
Summonings     | 2 4 |  4.4
Dodging        | |  1.7
Stealth        | |  1.7

Action                     |  1- 3 |  4- 6 || total
---------------------------+-------+-------++-------
  Melee: Club              |    21 |       ||    21
         Spear             |     3 |       ||     3
         Short sword       |    15 |     9 ||    24
   Fire: Sling             |       |    79 ||    79
   Cast: Freeze            |    50 |    42 ||    92
         Frozen Ramparts   |     1 |     8 ||     9
         Ozocubu's Armour  |       |     1 ||     1
    Use: Scroll            |     3 |     2 ||     5
         Potion            |       |     1 ||     1
   Stab: Sleeping          |     4 |     2 ||     6
 Armour: Robe              |    24 |    19 ||    43
  Dodge: Dodged            |    53 |    39 ||    92

Table legend: (Time is in decaauts)
 A = Elapsed time spent in this place.
 B = Non-inter-level travel time spent in this place.
 C = Inter-level travel time spent in this place.
 D = Time resting spent in this place.
 E = Time spent auto-exploring this place.
 F = Levels seen in this place.
 G = Mean time per level.
                   A        B        C        D        E       F      G
               +--------+--------+--------+--------+--------+-----+--------+
         Total |   3762 |   3552 |    210 |    252 |   2663 |   5 |  752.4 |
       Dungeon |   3762 |   3552 |    210 |    252 |   2663 |   5 |  752.4 |
               +--------+--------+--------+--------+--------+-----+--------+

Top non-repeatable levels by time:
     D:4: 1381 daAuts
     D:1: 977 daAuts
     D:3: 645 daAuts
     D:2: 523 daAuts
     D:5: 234 daAuts
